 Dungeon Crawl Stone Soup version 0.21.1-1-g345015f (webtiles) character file.

25 jamsan the Caller (level 3, -1/27 HPs)
             Began as a Barachi Summoner on June 17, 2018.
             Slain by an adder (2 damage)
             ... on level 2 of the Dungeon.
             The game lasted 00:04:28 (1296 turns).

jamsan the Caller (Barachi Summoner)                Turns: 1296, Time: 00:04:29

Health: -1/27      AC:  3    Str: 10    XL:     3   Next: 4%
Magic:  4/6        EV: 12    Int: 15    God:
Gold:   77         SH:  0    Dex: 12    Spells: 3/6 levels left

rFire    . . .     SeeInvis .   g - +0 spear
rCold    . . .     Gourm    .   (no shield)
rNeg     . . .     Faith    .   h - +0 leather armour
rPois    .         Spirit   .   (no helmet)
rElec    .         Reflect  .   (no cloak)
rCorr    .         Harm     .   (no gloves)
MR       .....                  (no boots)
Stlth    ++........             (no amulet)
HPRegen  0.09/turn              (no ring)
MPRegen  0.10/turn              (no ring)

@: lethally poisoned (-1 -> -12), slow
A: +LOS, swims, slowness 1, strong legs 1
a: Hop


You were on level 2 of the Dungeon.
You were hungry.

You visited 1 branch of the dungeon, and saw 2 of its levels.

You collected 77 gold pieces.

Inventory:

Hand Weapons
 d - a +0 whip
 g - a +0 spear (weapon)
Armour
 a - a +0 robe
 h - a +0 leather armour (worn)
Scrolls
 i - a scroll of magic mapping {unknown}
 j - 2 scrolls of identify {unknown}
Potions
 e - a potion of haste {unknown}
 f - a potion of curing {unknown}
Books
 b - a book of Callings

   Spells                             Type                      Level
   a - Summon Small Mammal            Summoning                    1
   b - Call Imp                       Summoning                    2
   c - Call Canine Familiar           Summoning                    3
   d - Summon Guardian Golem          Hexes/Summoning              3
   e - Summon Lightning Spire         Summoning/Air                4
   f - Summon Ice Beast               Ice/Summoning                4
Comestibles
 c - a ration


   Skills:
 + Level 1.7 Fighting
 + Level 1.5 Armour
 - Level 2.1 Dodging
 - Level 1.7 Stealth
 - Level 2.1 Spellcasting
 + Level 5.2 Summonings


You had 3 spell levels left.
You knew the following spells:

 Your Spells              Type           Power        Failure   Level  Hunger
a - Summon Small Mammal   Summ           ###.         3%          1    #......
b - Call Imp              Summ           ###.....     4%          2    ###....


Dungeon Overview and Level Annotations

Branches:
Dungeon (2/15)

Altars:
Dithmenos


Innate Abilities, Weirdness & Mutations

Shadows flee at your approach. (+LOS)
You can swim through water.
You cover ground slowly.
You can hop short distances.


Message History

You are lethally poisoned!
The adder poisons you!
You closely miss the adder.
The adder is almost dead.
You feel sick. The adder bites you.
* * * LOW HITPOINT WARNING * * *
You are more poisoned.
The adder poisons you!
You barely miss the adder.
The adder is almost dead.
* * * LOW HITPOINT WARNING * * *
You feel sick. The adder bites you but does no damage. The adder bites you.
* * * LOW HITPOINT WARNING * * *
* * * LOW HITPOINT WARNING * * *
You feel sick.
You miss the adder.
The adder is almost dead.
* * * LOW HITPOINT WARNING * * *
You feel sick. The adder barely misses you. The adder bites you.
You die...

... ...# ...
...#### ###.##
#.....
##.....##.#.#
#.......#%..#
#.......#...#
...._...†b#.#
#.......#S#.######.
#.....[.#@...#.....
##.....##..#.......
###.## #....#.##<
........#.##.#
........##.##.#
####...##
#.##.#####.# ##>#
#..........# #.
####.####### . #.#


You could see an adder and a bat.

Vanquished Creatures
  A leopard gecko (D:1)
  5 bats (D:1)
  A giant cockroach (D:2)
  A hobgoblin (D:1)
  A quokka (D:2)
  A frilled lizard (D:1)
  A kobold (D:2)
  5 rats (D:1)
16 creatures vanquished.

Vanquished Creatures (collateral kills)
  A leopard gecko (D:2)
  2 bats (D:1)
  A giant cockroach (D:1)
  A hobgoblin (D:1)
  A kobold (D:1)
  A frilled lizard (D:1)
  A goblin (D:1)
  2 rats (D:1)
10 creatures vanquished.

Grand Total: 26 creatures vanquished

Notes
Turn   | Place    | Note
-------+----------+-------------------------------------------
     0 | D:1      | jamsan the Barachi Summoner began the quest for the Orb.
     0 | D:1      | Reached XP level 1. HP: 13/13 MP: 3/3
   273 | D:1      | Reached skill level 1 in Fighting
   273 | D:1      | Reached skill level 5 in Summonings
   273 | D:1      | Reached XP level 2. HP: 16/21 MP: 0/5
   273 | D:1      | Reached skill level 1 in Armour
   282 | D:1      | Learned a level 2 spell: Call Imp
  1266 | D:2      | Found a shadowy altar of Dithmenos.
  1271 | D:2      | Reached XP level 3. HP: 27/27 MP: 3/6
  1296 | D:2      | HP: 1/27 [poisoned by an adder]
  1296 | D:2      | Slain by an adder

Skill      XL: |  1  2 |
---------------+-------+-----
Fighting       | 1 |  1.7
Summonings     | 5 |  5.2
Armour         | 1 |  1.5
Dodging        | |  2.1
Stealth        | |  1.7
Spellcasting   | |  2.1

Action                   || total
-------------------------++-------
Melee: Unarmed           ||    13
       Whip              ||    40
       Spear             ||    40
 Cast: Summon Small Mamm ||    14
 Stab: Sleeping          ||     5
  Eat: Chunk             ||     1
Armor: Robe              ||    27
       Leather armour    ||    12
Dodge: Dodged            ||    72
